TOP OF THE 1ST |
New Hampshire Fisher Cats batting - Pitching for BlackIron Dragons : RHP Víctor Ventura
|
Pitching: RHP Víctor Ventura
|
|
Batting: RHB Franklin Lawrence
|
0-0: Called Strike 0-1: Ball 1-1: Ball 2-1: Ball 3-1: Swinging Strike 3-2: Base on Balls
|
Batting: RHB Michael Kent
|
0-0: Ball 1-0: Called Strike Passed Ball! Franklin Lawrence to second 1-1: Ball 2-1: Fly out, F9 (Flyball, 89S)
|
Batting: RHB Anthony Hezell
|
0-0: Ball 1-0: Ball 2-0: Called Strike 2-1: Ball 3-1: Foul Ball, location: 2F 3-2: Foul Ball, location: 2F 3-2: Fly out, F7 (Flyball, 78S)
|
Batting: LHB Cam Flowers
|
0-0: Fly out, F2 (Popup, 2LF)
|
Top of the 1st over - 0 run(s), 0 hit(s), 0 error(s), 1 left on base; New Hampshire 0 - BlackIron 0 |
BOTTOM OF THE 1ST |
BlackIron Dragons batting - Pitching for New Hampshire Fisher Cats : RHP José Salinas
|
Pitching: RHP José Salinas
|
|
Batting: RHB Juan Hernández
|
0-0: Ball 1-0: Called Strike 1-1: SINGLE (Groundball, 34D)
|
Batting: RHB Preston MacLyan
|
0-0: Fly out, F9 (Flyball, 89M)
|
Batting: RHB Gil Palmer
|
0-0: Ball 1-0: Called Strike Juan Hernández steals 2nd base 1-1: Ball 2-1: Foul Ball, location: 2F 2-2: Fly out, F9 (Popup, 34D)
|
Batting: LHB Culley Vaughan
|
0-0: Ball 1-0: Ball 2-0: Called Strike 2-1: Foul Ball, location: 2F 2-2: Hit by Pitch
|
Batting: LHB Chris Waggoner
|
0-0: Swinging Strike 0-1: Swinging Strike 0-2: Ball 1-2: Ball 2-2: Ball 3-2: Ground out U3 (Groundball, 3S)
|
Bottom of the 1st over - 0 run(s), 1 hit(s), 0 error(s), 2 left on base; New Hampshire 0 - BlackIron 0 |
TOP OF THE 2ND |
New Hampshire Fisher Cats batting - Pitching for BlackIron Dragons : RHP Víctor Ventura
|
Batting: RHB Si-xun Li
|
0-0: Called Strike 0-1: Ball 1-1: Foul Ball, location: 2F 1-2: Ball 2-2: SINGLE (Groundball, 34D)
|
Batting: RHB Benjamin Lawson
|
0-0: DOUBLE (Line Drive, 89M) Si-xun Li to third
|
Batting: RHB Darwin Crane
|
0-0: Foul Ball, location: 2F 0-1: Ball 1-1: Foul Ball, location: 2F 1-2: Foul Ball, location: 2F 1-2: Ball 2-2: Ball 3-2: Base on Balls
|
Batting: LHB Tony Rivera
|
0-0: Called Strike 0-1: Swinging Strike 0-2: Ball 1-2: Strikes out swinging
|
Batting: RHB Albert Alemán
|
0-0: Swinging Strike 0-1: Swinging Strike 0-2: Strikes out swinging
|
Batting: RHB Franklin Lawrence
|
0-0: Ball 1-0: Swinging Strike 1-1: Foul Ball, location: 2F 1-2: Ball 2-2: Strikes out looking
|
Top of the 2nd over - 0 run(s), 2 hit(s), 0 error(s), 3 left on base; New Hampshire 0 - BlackIron 0 |
BOTTOM OF THE 2ND |
BlackIron Dragons batting - Pitching for New Hampshire Fisher Cats : RHP José Salinas
|
Batting: RHB Frank Maxwell
|
0-0: Called Strike 0-1: Ball 1-1: Swinging Strike 1-2: Ball 2-2: Strikes out swinging
|
Batting: RHB Mark Arnold
|
0-0: Foul Ball, location: 2F 0-1: SINGLE (Groundball, 6MD)
|
Batting: LHB Manuel Cardenas
|
0-0: Ball 1-0: DOUBLE (Flyball, 8LD) Mark Arnold to third
|
Batting: RHB Eugene Payne
|
0-0: Called Strike 0-1: Fly out, F7 (Line Drive, 7M)
|
Batting: RHB Juan Hernández
|
0-0: Ground out 5-3 (Groundball, 56)
|
Bottom of the 2nd over - 0 run(s), 2 hit(s), 0 error(s), 2 left on base; New Hampshire 0 - BlackIron 0 |
TOP OF THE 3RD |
New Hampshire Fisher Cats batting - Pitching for BlackIron Dragons : RHP Víctor Ventura
|
Batting: RHB Michael Kent
|
0-0: Ball 1-0: Swinging Strike 1-1: Ball 2-1: Called Strike 2-2: Foul Ball, location: 2F 2-2: Ground out 4-3 (Groundball, 4)
|
Batting: RHB Anthony Hezell
|
0-0: Foul Ball, location: 2F 0-1: Swinging Strike 0-2: Ball 1-2: Ball 2-2: Foul Ball, location: 2F 2-2: Strikes out swinging
|
Batting: LHB Cam Flowers
|
0-0: Called Strike 0-1: Ball 1-1: Fly out, F6 (Popup, 6)
|
Top of the 3rd over - 0 run(s), 0 hit(s), 0 error(s), 0 left on base; New Hampshire 0 - BlackIron 0 |
BOTTOM OF THE 3RD |
BlackIron Dragons batting - Pitching for New Hampshire Fisher Cats : RHP José Salinas
|
Batting: RHB Preston MacLyan
|
0-0: Swinging Strike 0-1: Ball 1-1: Foul Ball, location: 2F 1-2: Strikes out looking
|
Batting: RHB Gil Palmer
|
0-0: Called Strike 0-1: Called Strike 0-2: Strikes out swinging
|
Batting: LHB Culley Vaughan
|
0-0: Ball 1-0: Ball 2-0: Foul Ball, location: 2F 2-1: Ball 3-1: Base on Balls
|
Batting: LHB Chris Waggoner
|
0-0: Ball 1-0: Swinging Strike 1-1: Ball 2-1: Ball 3-1: Base on Balls Culley Vaughan to second
|
Batting: RHB Frank Maxwell
|
0-0: Ball 1-0: Ball 2-0: Called Strike 2-1: Ball 3-1: Foul Ball, location: 2F 3-2: Strikes out swinging
|
Bottom of the 3rd over - 0 run(s), 0 hit(s), 0 error(s), 2 left on base; New Hampshire 0 - BlackIron 0 |
TOP OF THE 4TH |
New Hampshire Fisher Cats batting - Pitching for BlackIron Dragons : RHP Víctor Ventura
|
Batting: RHB Si-xun Li
|
0-0: Foul Ball, location: 2F 0-1: Hit by Pitch
|
Batting: RHB Benjamin Lawson
|
0-0: Ball 1-0: Fly out, F9 (Flyball, 9LM)
|
Batting: RHB Darwin Crane
|
0-0: Ball Si-xun Li steals 2nd base 1-0: Ball 2-0: Called Strike 2-1: Called Strike 2-2: Strikes out swinging
|
Pitching: RHP Luis Canseco
|
|
Batting: LHB Tony Rivera
|
0-0: Ball 1-0: Ball 2-0: Foul Ball, location: 2F 2-1: Ball 3-1: Base on Balls
|
Batting: RHB Albert Alemán
|
0-0: Called Strike 0-1: Ball 1-1: Swinging Strike 1-2: Foul Ball, location: 2F 1-2: Ball 2-2: Ball Wild Pitch! Si-xun Li to third Tony Rivera to second 3-2: Ground out 6-3 (Groundball, 6M)
|
Top of the 4th over - 0 run(s), 0 hit(s), 0 error(s), 2 left on base; New Hampshire 0 - BlackIron 0 |
BOTTOM OF THE 4TH |
BlackIron Dragons batting - Pitching for New Hampshire Fisher Cats : RHP José Salinas
|
Batting: RHB Mark Arnold
|
0-0: Swinging Strike 0-1: Ball 1-1: Foul Ball, location: 2F 1-2: Strikes out looking
|
Batting: LHB Manuel Cardenas
|
0-0: Ball 1-0: Ground out 6-3 (Groundball, 6)
|
Batting: RHB Eugene Payne
|
0-0: DOUBLE (Line Drive, 7LM)
|
Batting: RHB Juan Hernández
|
0-0: Ball 1-0: Foul Ball, location: 2F 1-1: Ball 2-1: Foul Ball, location: 2F 2-2: Foul Ball, location: 2F 2-2: Foul Ball, location: 2F 2-2: Foul Ball, location: 2F 2-2: Strikes out swinging
|
Bottom of the 4th over - 0 run(s), 1 hit(s), 0 error(s), 1 left on base; New Hampshire 0 - BlackIron 0 |
TOP OF THE 5TH |
New Hampshire Fisher Cats batting - Pitching for BlackIron Dragons : RHP Luis Canseco
|
Batting: RHB Franklin Lawrence
|
0-0: Ground out 5-3 (Groundball, 5S)
|
Batting: RHB Michael Kent
|
0-0: Ball 1-0: Ball 2-0: Called Strike 2-1: Foul Ball, location: 2F 2-2: Ball 3-2: SINGLE (Line Drive, 4D)
|
Batting: RHB Anthony Hezell
|
0-0: Ball 1-0: Ball 2-0: Swinging Strike 2-1: Foul Ball, location: 2F 2-2: Strikes out swinging
|
Batting: LHB Cam Flowers
|
0-0: Ball 1-0: Ball 2-0: Called Strike 2-1: Foul Ball, location: 2F 2-2: Ball 3-2: Foul Ball, location: 2F 3-2: Base on Balls Michael Kent to second
|
Batting: RHB Si-xun Li
|
0-0: Ball 1-0: Ball 2-0: Ground out 6-3 (Groundball, 6)
|
Top of the 5th over - 0 run(s), 1 hit(s), 0 error(s), 2 left on base; New Hampshire 0 - BlackIron 0 |
BOTTOM OF THE 5TH |
BlackIron Dragons batting - Pitching for New Hampshire Fisher Cats : RHP José Salinas
|
Batting: RHB Preston MacLyan
|
0-0: Ball 1-0: Fly out, F8 (Flyball, 89S)
|
Now in CF: Felipe Rivas
|
|
Batting: RHB Gil Palmer
|
0-0: Called Strike 0-1: Ball 1-1: Ground out 6-3 (Groundball, 6)
|
Batting: LHB Culley Vaughan
|
0-0: Foul Ball, location: 2F 0-1: Ball 1-1: SINGLE (Flyball, 8RS)
|
Batting: LHB Chris Waggoner
|
0-0: Ball 1-0: Ball 2-0: Called Strike 2-1: Ball 3-1: Ground out 4-3 (Groundball, 34S)
|
Bottom of the 5th over - 0 run(s), 1 hit(s), 0 error(s), 1 left on base; New Hampshire 0 - BlackIron 0 |
TOP OF THE 6TH |
New Hampshire Fisher Cats batting - Pitching for BlackIron Dragons : RHP Luis Canseco
|
Batting: RHB Benjamin Lawson
|
0-0: Called Strike 0-1: Called Strike 0-2: Strikes out looking
|
Batting: RHB Felipe Rivas
|
0-0: Ball 1-0: Foul Ball, location: 2F 1-1: Ball 2-1: Ball 3-1: Foul Ball, location: 2F 3-2: Foul Ball, location: 2F 3-2: Foul Ball, location: 2F 3-2: Base on Balls
|
Batting: LHB Tony Rivera
|
0-0: Ball 1-0: SINGLE (Groundball, 34) Felipe Rivas to second Runner from 2nd tries for 3rd, SAFE, no throw or cutoff
|
Batting: RHB Albert Alemán
|
0-0: Ball Tony Rivera steals 2nd base 1-0: Ground out 5-3 (Groundball, 5S)
|
Batting: RHB Franklin Lawrence
|
0-0: Foul Ball, location: 2F 0-1: Ball 1-1: Ball 2-1: Swinging Strike 2-2: Ball 3-2: Fly out, F9 (Flyball, 9M)
|
Top of the 6th over - 0 run(s), 1 hit(s), 0 error(s), 2 left on base; New Hampshire 0 - BlackIron 0 |
BOTTOM OF THE 6TH |
BlackIron Dragons batting - Pitching for New Hampshire Fisher Cats : RHP José Salinas
|
Batting: RHB Frank Maxwell
|
0-0: Called Strike 0-1: DOUBLE (Flyball, 89XD)
|
Batting: RHB Mark Arnold
|
0-0: Called Strike 0-1: Ball Wild Pitch! Frank Maxwell to third 1-1: Ball 2-1: Called Strike 2-2: Strikes out swinging
|
Batting: LHB Manuel Cardenas
|
0-0: Ball 1-0: Called Strike 1-1: Foul Ball, location: 2F 1-2: SINGLE (Flyball, 7LS) Frank Maxwell scores
|
Batting: RHB Eugene Payne
|
0-0: Grounds into double play, 6-4-3 (Groundball, 6)
|
Bottom of the 6th over - 1 run(s), 2 hit(s), 0 error(s), 0 left on base; New Hampshire 0 - BlackIron 1 |
TOP OF THE 7TH |
New Hampshire Fisher Cats batting - Pitching for BlackIron Dragons : RHP Luis Canseco
|
Pitching: RHP Ken Burris
|
|
Batting: RHB Michael Kent
|
0-0: Called Strike 0-1: Foul Ball, location: 2F 0-2: Ball 1-2: Ball 2-2: Strikes out swinging
|
Batting: RHB Anthony Hezell
|
0-0: Ground out 2-3 (Groundball, 25)
|
Batting: LHB Cam Flowers
|
0-0: Ball 1-0: Swinging Strike 1-1: Foul Ball, location: 2F 1-2: Ball 2-2: Ground out 4-3 (Groundball, 4)
|
Top of the 7th over - 0 run(s), 0 hit(s), 0 error(s), 0 left on base; New Hampshire 0 - BlackIron 1 |
BOTTOM OF THE 7TH |
BlackIron Dragons batting - Pitching for New Hampshire Fisher Cats : RHP José Salinas
|
Pitching: LHP David Richardson
|
|
Batting: RHB Juan Hernández
|
0-0: Ground out U3 (Groundball, 3)
|
Batting: RHB Preston MacLyan
|
0-0: Ball 1-0: Swinging Strike 1-1: Ball 2-1: Called Strike 2-2: Strikes out swinging
|
Batting: RHB Gil Palmer
|
0-0: Swinging Strike 0-1: Ball 1-1: Foul Ball, location: 2F 1-2: Strikes out swinging
|
Bottom of the 7th over - 0 run(s), 0 hit(s), 0 error(s), 0 left on base; New Hampshire 0 - BlackIron 1 |
TOP OF THE 8TH |
New Hampshire Fisher Cats batting - Pitching for BlackIron Dragons : RHP Ken Burris
|
Pitching: RHP Júlio Torres
|
|
Batting: RHB Si-xun Li
|
0-0: Called Strike 0-1: Ball 1-1: Fly out, F6 (Line Drive, 6)
|
Batting: RHB Benjamin Lawson
|
0-0: Foul Ball, location: 2F 0-1: Foul Ball, location: 2F 0-2: Ball 1-2: Ball 2-2: Strikes out swinging
|
Batting: RHB Felipe Rivas
|
0-0: Called Strike 0-1: Swinging Strike 0-2: Foul Ball, location: 2F 0-2: Foul Ball, location: 2F 0-2: Ball 1-2: Strikes out swinging
|
Top of the 8th over - 0 run(s), 0 hit(s), 0 error(s), 0 left on base; New Hampshire 0 - BlackIron 1 |
BOTTOM OF THE 8TH |
BlackIron Dragons batting - Pitching for New Hampshire Fisher Cats : LHP David Richardson
|
Batting: LHB Culley Vaughan
|
0-0: Called Strike 0-1: SINGLE (Line Drive, 7S)
|
Batting: LHB Chris Waggoner
|
0-0: Ball 1-0: Ball 2-0: Foul Ball, location: 2F 2-1: Foul Ball, location: 2F 2-2: Foul Ball, location: 2F 2-2: Foul Ball, location: 2F 2-2: Ball 3-2: Base on Balls Culley Vaughan to second
|
Batting: RHB Frank Maxwell
|
0-0: Called Strike 0-1: SINGLE (Line Drive, 34) Culley Vaughan to third Chris Waggoner to second Runner from 3rd tries for Home, SAFE, no throw or cutoff
|
Batting: RHB Mark Arnold
|
0-0: Foul Ball, location: 2F 0-1: Called Strike 0-2: Ball 1-2: Strikes out swinging
|
Batting: LHB Manuel Cardenas
|
0-0: Foul Ball, location: 2F 0-1: Foul Ball, location: 2F 0-2: Ball 1-2: Strikes out looking
|
Batting: RHB Eugene Payne
|
0-0: Called Strike 0-1: Ball 1-1: Ground out 5-3 (Groundball, 6S)
|
Bottom of the 8th over - 1 run(s), 2 hit(s), 0 error(s), 2 left on base; New Hampshire 0 - BlackIron 2 |
TOP OF THE 9TH |
New Hampshire Fisher Cats batting - Pitching for BlackIron Dragons : RHP Júlio Torres
|
Pitching: LHP Roberto Ontiveros
|
|
Batting: LHB Tony Rivera
|
0-0: Foul Ball, location: 2F 0-1: Foul Ball, location: 2F 0-2: Ball 1-2: Foul Ball, location: 2F 1-2: Fly out, F9 (Flyball, 9M)
|
Batting: RHB Albert Alemán
|
0-0: Fly out, F8 (Flyball, 8LM)
|
Batting: RHB Franklin Lawrence
|
0-0: Ball 1-0: Swinging Strike 1-1: Ball 2-1: Ground out 5-3 (Groundball, 6S)
|
Top of the 9th over - 0 run(s), 0 hit(s), 0 error(s), 0 left on base; New Hampshire 0 - BlackIron 2 |
|